Unix NetHack Version 5.0.0-0 post-release - last build May  4 2026 22:22:43 (774f63e81ad911689b3a0859ea89b322d5daca8d,branch:main).

Game began 2026-05-08 08:59:35, ended 2026-05-08 09:30:30.

BSL2425737, lawful female dwarven Valkyrie

                                        ---
                                        -.-
                                    .--.....--    G
                             ---    .........---
                          ---.^|    ...........|    .......
                          .<...|   ............|    .(...@.
                          -....-   ............|    ....GG.
                             ..................--    ...
                        -.......................|   ....
                     ---.^...................----   -...
                     |......................-|    ---...
                     |.........--.......---..---- |...|
                     |........-- -.....-- --....---.---
                      -........  |.....|   ----.....|
                      --..--..-  ---...-      ---...|
                       |..|----    --...        --..|
                       ----          --.

BSL2425737 the Skirmisher   St:18/03 Dx:9 Co:20 In:8 Wi:9 Ch:8  Lawful
Dlvl:5  $:55 HP:0(36) Pw:3(3) AC:10 Xp:3 T:1299  Stressed

Latest messages:
 t - 2 arrows.
 What do you want to throw? [$st or ?*] *
 In what direction? 6
 You aren't wielding a bow, so you throw your arrow by hand.
 The arrow misses the gnome.
 You kill the gnome!
 t - an arrow (2 in total).
 s - 9 darts (10 in total).
 u - a food ration.
 You have trouble lifting a gnome corpse.  Continue? [ynq] (q) y
 You have trouble lifting v - a gnome corpse.
 You rebalance your load.  Movement is difficult.
 What do you want to eat? [uv or ?*] *
 This food really hits the spot!
 The gnome lord shoots an arrow!
 You are hit by an arrow.
 You stop eating the food ration.
 The gnome lord shoots 2 arrows!
 You are hit by the 1st arrow!
 The 2nd arrow misses you.
 You see here 2 arrows.
 The gnome lord shoots an arrow!
 You are hit by an arrow!
 You have trouble lifting t - 2 arrows (4 in total).
 It is hit.
 You see here a chest.
 You have much trouble lifting a chest.  Continue? [ynq] (q) n
 The gnome lord shoots an arrow!
 You are hit by an arrow!
 The gnome lord shoots an arrow!
 You are hit by an arrow.
 What do you want to wield? [- st or ?*] *
 What do you want to wield? [- st or ?*] <space>
 Never mind.
 What do you want to throw? [$st or ?*] *
 In what direction? 2
 The dart hits the gnome lord.
 The gnome lord swings his bow.
 The gnome lord hits!
 The gnome lord swings his bow.
 The gnome lord hits!
 You don't have enough stamina to move.
 The gnome lord swings his bow.
 The gnome lord hits!
 You die...
 Do you want your possessions identified? [ynq] (y) y
 Do you want to see your attributes? [ynq] (y) y
 Do you want an account of creatures vanquished? [ynaq] (y) y
 Do you want to see your conduct and achievements? [ynq] (y) y
 Do you want to see the dungeon overview? [ynq] (y) y

Inventory:
 Coins    ('$')
  $ - 55 gold pieces
 Weapons  (')')
  t - 4 cursed +0 arrows
  s - 9 rustproof +0 darts
 Armor    ('[')
  l - an uncursed +0 chain mail
  h - an uncursed +0 studded leather armor
 Comestibles  ('%')
  u - an uncursed partly eaten food ration
  v - an uncursed gnome corpse
 Scrolls  ('?')
  p - a blessed scroll of teleportation
 Potions  ('!')
  n - an uncursed potion of enlightenment
 Wands    ('/')
  i - a wand of digging (0:7)
 Tools    ('(')
  k - an uncursed unlocked large box containing 1 item
 Gems/Stones  ('*')
  q - an uncursed agate stone
  r - an uncursed worthless piece of red glass

Contents of the large box:
  a wand of light (0:15)

BSL2425737 the Valkyrie's attributes:

Background:
 You were a Skirmisher, a level 3 dwarven Valkyrie.
 You were lawful, nominally on a mission for Tyr
 who was opposed by Odin (neutral) and Loki (chaotic).
 You were right-handed.
 You were in the Gnomish Mines, on level 5.
 You entered the dungeon 1299 turns ago.
 You had 64 experience points, 16 more were needed to attain level 4.

Basics:
 You had 0 out of 36 hit points.
 You had all 3 energy points (spell power).
 Your armor class was 10.
 Your wallet contained 55 zorkmids.
 Autopickup was off.

Final Characteristics:
 Your strength was 18/03 (limit:18/100).
 Your dexterity was 9 (limit:20).
 Your constitution was 20 (limit:20).
 Your intelligence was 8 (limit:16).
 Your wisdom was 9 (limit:16).
 Your charisma was 8 (limit:16).

Final Status:
 You weren't hungry.
 You were stressed; movement was moderately slowed.
 You were bare handed.
 You were unskilled in bare handed combat.
 You weren't wearing any armor.

Final Attributes:
 You were fervently aligned.
 You were cold resistant.
 You had infravision.
 You were stealthy.
 You are dead.

Miscellaneous:
 You didn't encounter any bones levels.
 Total elapsed playing time was 30 minutes and 55 seconds.

Major events:
 Turn
    1: BSL2425737 the lawful dwarven Valkyrie entered the dungeon
  880: attained the rank of Skirmisher (level 3)
 1043: entered the Gnomish Mines
 1299: killed by a gnome lord

You didn't know any spells.

Skills:
 Fighting Skills
   bare handed combat [Unskilled]
   two weapon combat  [Unskilled]
   riding             [Unskilled]
 Weapon Skills
   dagger             [Basic]
   axe                [Unskilled]
   pick-axe           [Unskilled]
   short sword        [Unskilled]
   broadsword         [Unskilled]
   long sword         [Unskilled]
   two-handed sword   [Unskilled]
   saber              [Unskilled]
   hammer             [Unskilled]
   quarterstaff       [Unskilled]
   polearms           [Unskilled]
   spear              [Basic]
   trident            [Unskilled]
   lance              [Unskilled]
   sling              [Unskilled]
 Spellcasting Skills
   attack spells      [Unskilled]
   escape spells      [Unskilled]

Voluntary challenges:
 Character rerolling was not enabled.
 You were vegetarian.
 You were an atheist.
 You never genocided any monsters.
 You never polymorphed an object.
 You never changed form.
 You used no wishes.
Achievements:
 You entered a shop.
 You attained the rank of Skirmisher.
 You entered the Gnomish Mines.

 The Dungeons of Doom: levels 1 to 4
    Level 1:
       A fountain, a sink, many trees.
    Level 2:
       An armor shop.
    Level 3:
    Level 4:
       A sink.
       Stairs down to The Gnomish Mines.
 The Gnomish Mines:
    Level 5: <- You were here.
       Final resting place for
          you, killed by a gnome lord.


Vanquished creatures:
  a wood nymph
  a shrieker
 an acid blob
  a coyote
  a hobbit
  a giant rat
  a yellow mold
  2 gnomes
  a gecko
  7 jackals
  a fox
  a kobold
  a sewer rat
  2 grid bugs
  a bat
  a lichen
  2 newts
26 creatures vanquished.

No species were genocided or became extinct.

Game over:
                       ----------
                      /          \
                     /    REST    \
                    /      IN      \
                   /     PEACE      \
                  /                  \
                  |    BSL2425737    |
                  |      55 Au       |
                  |   killed by a    |
                  |    gnome lord    |
                  |                  |
                  |                  |
                  |       2026       |
                 *|     *  *  *      | *
        _________)/\\_//(\/(/\)/\//\/|_)_______

Farvel BSL2425737 the Valkyrie...

You died in The Gnomish Mines on dungeon level 5 with 506 points,
and 55 pieces of gold, after 1299 moves.
You were level 3 with a maximum of 36 hit points when you died.

